Knights vs Influenza (R1)

Created - 23 décembre 2016 at 19:15

Goals
1 2 3 T
Knights 4 5 1 10
Influenza 0 4 1 5
Shots
1 2 3 T
Knights 8 17 12 37
Influenza 8 14 12 34

1st period

1. Knights , Michael Raffl 12 (Joe Colborne, Cody Bass) at 4:49 (SH)
2. Knights , Zack Hamill 1 (Chris Thorburn) at 17:27
3. Knights , Zack Hamill 2 (Tomas Kundratek, Chris Thorburn) at 17:50 (PP)
4. Knights , Zack Hamill 3 (Zach Trotman, Michael Raffl) at 18:47 (PP)

Penalties :
Joe Colborne (Lon) for Holding (Minor) at 0:41, Kevin Hayes (Lon) for Hooking (Minor) at 4:03, Scott Lehman (Lon) for Charging (Minor) at 11:25, Ben Smith (VJB) for Roughing (Minor) at 17:44, Martins Karsums (VJB) for Interference (Minor) at 18:33

2nd period

5. Influenza , T.J Galiardi 12 (Jeff May) at 0:30
6. Knights , Zack Hamill 4 (Scott Lehman, Chris Thorburn) at 0:44
7. Knights , Jason Zucker 9 (Zack Hamill, Tomas Kundratek) at 6:03
8. Influenza , Ryan Carter 11 (Matt Corrente) at 7:12
9. Knights , Chris Thorburn 12 (Jason Zucker) at 11:47
10. Knights , Zack Hamill 5 (Jason Zucker) at 13:03
11. Influenza , Mathieu Carle 3 (Evgeny Grachev) at 13:09
12. Knights , Chris Thorburn 13 (Zack Hamill) at 18:26 (PP)
13. Influenza , Evgeny Grachev 14 (Jeff May) at 19:54 (PP)

Penalties :
Mathieu Carle (VJB) for Tripping (Minor) at 0:49, Jimmy Hayes (Lon) for Tripping (Minor) at 8:37, Cody Bass (Lon) for Hooking (Minor) at 9:19, T.J Galiardi (VJB) for Interference (Minor) at 18:07, Joe Colborne (Lon) for Hooking (Minor) at 19:49

3rd period

14. Influenza , Ryan Russell 3 (Corey Tropp, Tim Erixon) at 3:23
15. Knights , Chris Thorburn 14 (Zack Hamill, Michael Raffl) at 15:51 (PP)

Penalties :
Zack Hamill (Lon) for Slashing (Minor) at 5:53, Jeff May (VJB) for Hooking (Minor) at 9:55, Matt Corrente (VJB) for Fighting (Major) at 13:00, Scott Lehman (Lon) for Fighting (Major) at 13:00, Evgeny Grachev (VJB) for Fighting (Major) at 13:09, Jimmy Hayes (Lon) for Fighting (Major) at 13:09, Robbie Earl (VJB) for Tripping (Minor) at 14:35

Goalie Stats

Jeff Glass (Lon), 29 saves from 34 shots - (0,853), W, 10-5-0, 60:00 minutes
Olivier Roy (VJB), 4 saves from 8 shots - (0,500), L, 2-3-1, 14:16 minutes
Thomas McCollum (VJB), 23 saves from 29 shots - (0,793), 45:44 minutes

Players Stats for Knights

Player Name              G  A  P  +/- PIM S  H  SB GA TA FO     MP     PP MP  PK MP  
------------------------------------------------------------------------------------
A.J. Jenks               0  0  0  -1  0   0  0  0  0  0  0/0     7:40   0:00   0:00 
Chris Thorburn           3  3  6   3  0   11 3  2  5  0  2/7    20:39   4:01   0:51 
Cody Bass                0  1  1  -1  2   0  1  1  0  1  2/13   13:00   0:00   5:11 
David Shields            0  0  0   2  0   0  1  1  0  0  0/0    11:20   0:00   1:04 
Jason Zucker             1  2  3   3  0   1  0  4  1  0  0/3    16:46   1:52   0:00 
Jimmy Hayes              0  0  0  -1  7   2  0  1  1  1  1/1    19:06   1:52   5:12 
Joe Colborne             0  1  1   0  4   2  0  0  0  0  7/17   14:43   0:00   1:55 
Kevin Hayes              0  0  0  -1  2   0  2  0  1  2  0/0    10:03   0:00   2:16 
Linden Vey               0  0  0   0  0   0  0  0  0  0  0/1     7:09   0:00   0:00 
Matt Puempel             0  0  0   0  0   1  0  1  0  0  0/1     8:43   0:00   0:32 
Michael Raffl            1  2  3   0  0   4  2  0  0  0  1/5    20:19   4:01   3:16 
Michael Stone            0  0  0   0  0   2  3  1  0  1  0/0    21:58   1:22   3:39 
Patrick Wiercioch        0  0  0   2  0   0  0  0  0  1  0/0    10:37   0:00   0:20 
Ryan Nugent-Hopkins      0  0  0   0  0   0  0  0  0  0  2/2     9:52   1:52   0:53 
Scott Lehman             0  1  1   3  7   1  8  0  0  2  0/0    18:06   1:22   5:39 
Tomas Kundratek          0  2  2  -2  0   1  2  5  1  0  0/0    32:37   4:31   6:45 
Zach Trotman             0  1  1  -1  0   0  1  0  0  2  0/0    25:21   4:31   3:57 
Zack Hamill              5  3  8   3  2   12 1  1  0  0  17/33  19:53   4:01   0:00 

Players Stats for Influenza

Player Name              G  A  P  +/- PIM S  H  SB GA TA FO     MP     PP MP  PK MP  
------------------------------------------------------------------------------------
Ben Smith                0  0  0  -2  2   6  1  1  1  2  1/1    19:07   0:00   4:08 
Carl Gunnarsson          0  0  0  -4  0   1  0  2  0  0  0/0    21:42   3:57   2:32 
Charlie Coyle            0  0  0   0  0   1  1  1  1  0  3/3     8:45   0:03   1:25 
Corey Tropp              0  1  1   0  0   0  0  0  1  0  0/0     6:39   0:00   0:00 
Evgeny Grachev           1  1  2  -3  5   5  2  1  2  0  26/44  20:28   5:55   0:00 
Jamie Benn               0  0  0  -3  0   4  2  1  0  1  4/4    23:36   5:54   1:29 
Jeff May                 0  2  2   1  2   1  0  0  1  2  0/1    17:25   5:54   0:12 
Jeremy Morin             0  0  0   1  0   0  0  0  0  0  0/1     8:48   0:04   0:00 
John Klingberg           0  0  0   0  0   2  1  1  1  1  0/0    29:43   6:45   3:38 
Mark Scheifele           0  0  0   0  0   2  2  0  0  0  9/13   18:56   4:44   0:45 
Martins Karsums          0  0  0   0  2   3  0  0  1  0  1/1    16:32   4:44   0:00 
Mathieu Carle            1  0  1   0  2   4  0  1  0  2  0/0    27:54   6:45   2:21 
Matt Corrente            0  1  1  -4  5   0  0  2  0  0  0/0    19:09   3:57   1:49 
Robbie Earl              0  0  0   0  2   0  1  1  0  0  0/1    16:32   4:44   0:00 
Ryan Carter              1  0  1   1  0   2  1  1  1  1  7/14   12:38   0:00   3:59 
Ryan Russell             1  0  1   0  0   1  2  0  0  0  0/0     6:48   0:04   0:00 
T.J Galiardi             1  0  1   1  2   2  0  0  1  0  0/0     8:38   0:00   0:00 
Tim Erixon               0  1  1   2  0   0  2  0  0  0  0/0    10:39   0:00   1:14 

3 Stars

1 - Zack Hamill (Lon)
2 - Chris Thorburn (Lon)
3 - Jason Zucker (Lon)

Power Play

Knights - 4 on 6 Attempt(s) - 66,67%
Influenza - 1 on 7 Attempt(s) - 14,29%

Penalty Kill

Knights - 6 on 7 Attempt(s) - 85,71% - Score 1 goal in Penalty Kill
Influenza - 2 on 6 Attempt(s) - 33,33% - Score 0 goal in Penalty Kill

Team Stat

Knights - Hits : 24 - Faceoff Wins : 32 - Blocked Shots : 17 - Penalty Minutes : 24
Influenza - Hits : 15 - Faceoff Wins : 51 - Blocked Shots : 12 - Penalty Minutes : 22

Official

Referees : Jackson Dave and Auger Stephane
Linesman : Bryan Pancich and Brad Kovachik

Game Notes

Zack Hamill has scored a Hat Trick!
Olivier Roy enters game at 18:47 of 1st period
Thomas McCollum enters game at 13:03 of 2nd period
Matt Corrente and Scott Lehman fight to a draw at 13:00 of 3rd period
Evgeny Grachev and Jimmy Hayes fight to a draw at 13:09 of 3rd period
Chris Thorburn has scored a Hat Trick!

Finance

Level 1 -- Attendance: 1584 (79,20%) -- Ticket Income 63 360 $
Level 2 -- Attendance: 709 (70,90%) -- Ticket Income 14 180 $
Total Attendance: 2293 (76,43%)
Total Ticket Income: 77 540 $
Other Income: 3 877 $
Total Income: 81 417 $

Knights

5 vs 5 Forward 
   Center                   Left Wing                Right Wing               Time % Phy DF OF 
 1 Zack Hamill              Jason Zucker             Chris Thorburn           37     0   2  3  
 2 Joe Colborne             Michael Raffl            Jimmy Hayes              30     0   2  3  
 3 Cody Bass                A.J. Jenks               Kevin Hayes              17     1   2  2  
 4 Ryan Nugent-Hopkins      Matt Puempel             Linden Vey               16     1   1  3  

5 vs 5 Defense 
   Defense                  Defense                                           Time % Phy DF OF 
 1 Zach Trotman             Tomas Kundratek                                   35     1   3  1  
 2 Scott Lehman             Michael Stone                                     30     1   3  1  
 3 David Shields            Patrick Wiercioch                                 20     1   3  1  
 4 Tomas Kundratek          Michael Stone                                     15     1   2  2  

PowerPlay Forward 
   Center                   Left Wing                Right Wing               Time % Phy DF OF 
 1 Zack Hamill              Michael Raffl            Chris Thorburn           60     0   0  5  
 2 Ryan Nugent-Hopkins      Jason Zucker             Jimmy Hayes              40     0   0  5  

PowerPlay Defense
   Defense                  Defense                                           Time % Phy DF OF 
 1 Zach Trotman             Tomas Kundratek                                   60     0   1  4  
 2 Michael Stone            Scott Lehman                                      40     0   1  4  

Penalty Kill 4 Players Forward 
   Center                   Wing                     Time % Phy DF OF 
 1 Cody Bass                Jimmy Hayes              60     0   5  0  
 2 Joe Colborne             Kevin Hayes              40     0   5  0  

Penalty Kill 4 Players Defense
   Defense                  Defense                  Time % Phy DF OF 
 1 Scott Lehman             Tomas Kundratek          60     0   5  0  
 2 Zach Trotman             Michael Stone            40     0   5  0  

Penalty Kill - 3 Players Forward 
   Forward                                           Time % Phy DF OF 
 1 Chris Thorburn                                    60     0   5  0  
 2 Cody Bass                                         40     0   5  0  

Penalty Kill - 3 Players Defense
   Defense                  Defense                  Time % Phy DF OF 
 1 Michael Stone            Tomas Kundratek          60     0   5  0  
 2 Scott Lehman             Zach Trotman             40     0   5  0  

4 vs 4 Forward 
   Center                   Wing                     Time % Phy DF OF 
 1 Zack Hamill              Chris Thorburn           60     1   2  2  
 2 Joe Colborne             Jason Zucker             40     1   2  2  

4 vs 4 Defense
   Defense                  Defense                  Time % Phy DF OF 
 1 Scott Lehman             Tomas Kundratek          60     1   2  2  
 2 Zach Trotman             Michael Stone            40     1   2  2  

Last Minutes Offensive
   Center                   Left Wing                Right Wing               Defense                  Defense                  
   Zack Hamill              Michael Raffl            Chris Thorburn           Tomas Kundratek          Scott Lehman             

Last Minutes Defensive
   Center                   Left Wing                Right Wing               Defense                  Defense                  
   Joe Colborne             Michael Raffl            Jimmy Hayes              Tomas Kundratek          Zach Trotman             

Goaltenders
Starting : Jeff Glass               
Backup : Mark Dekanich            

Extra Forwards
Normal : Joe Colborne, Michael Raffl, Chris Thorburn - PP : Joe Colborne, Michael Raffl - PK : Michael Raffl
Extra Defensemen
Normal : Michael Stone, Tomas Kundratek, Zach Trotman - PP : Tomas Kundratek - PK : Michael Stone, Tomas Kundratek
Penalty Shots
Kevin Hayes, Michael Raffl, Chris Thorburn, Zack Hamill, Joe Colborne

Influenza

5 vs 5 Forward 
   Center                   Left Wing                Right Wing               Time % Phy DF OF 
 1 Evgeny Grachev           Jamie Benn               Ben Smith                40     1   2  2  
 2 Mark Scheifele           Robbie Earl              Martins Karsums          30     1   2  2  
 3 Ryan Carter              T.J Galiardi             Jeremy Morin             20     1   2  2  
 4 Charlie Coyle            Ryan Russell             Corey Tropp              10     1   2  2  

5 vs 5 Defense 
   Defense                  Defense                                           Time % Phy DF OF 
 1 John Klingberg           Mathieu Carle                                     40     1   2  2  
 2 Carl Gunnarsson          Matt Corrente                                     30     1   2  2  
 3 Tim Erixon               Jeff May                                          20     1   2  2  
 4 John Klingberg           Mathieu Carle                                     10     1   2  2  

PowerPlay Forward 
   Center                   Left Wing                Right Wing               Time % Phy DF OF 
 1 Evgeny Grachev           Jamie Benn               Jeff May                 60     1   2  2  
 2 Mark Scheifele           Robbie Earl              Martins Karsums          40     1   2  2  

PowerPlay Defense
   Defense                  Defense                                           Time % Phy DF OF 
 1 John Klingberg           Mathieu Carle                                     60     1   2  2  
 2 Carl Gunnarsson          Matt Corrente                                     40     1   2  2  

Penalty Kill 4 Players Forward 
   Center                   Wing                     Time % Phy DF OF 
 1 Ryan Carter              Ben Smith                60     1   2  2  
 2 Charlie Coyle            Jamie Benn               40     1   2  2  

Penalty Kill 4 Players Defense
   Defense                  Defense                  Time % Phy DF OF 
 1 John Klingberg           Mathieu Carle            60     1   2  2  
 2 Carl Gunnarsson          Matt Corrente            40     1   2  2  

Penalty Kill - 3 Players Forward 
   Forward                                           Time % Phy DF OF 
 1 Ryan Carter                                       60     1   2  2  
 2 Charlie Coyle                                     40     1   2  2  

Penalty Kill - 3 Players Defense
   Defense                  Defense                  Time % Phy DF OF 
 1 John Klingberg           Mathieu Carle            60     1   2  2  
 2 Carl Gunnarsson          Matt Corrente            40     1   2  2  

4 vs 4 Forward 
   Center                   Wing                     Time % Phy DF OF 
 1 Evgeny Grachev           Ben Smith                60     1   2  2  
 2 Ryan Carter              Jamie Benn               40     1   2  2  

4 vs 4 Defense
   Defense                  Defense                  Time % Phy DF OF 
 1 John Klingberg           Mathieu Carle            60     1   2  2  
 2 Carl Gunnarsson          Matt Corrente            40     1   2  2  

Last Minutes Offensive
   Center                   Left Wing                Right Wing               Defense                  Defense                  
   Evgeny Grachev           Jamie Benn               Martins Karsums          John Klingberg           Mathieu Carle            

Last Minutes Defensive
   Center                   Left Wing                Right Wing               Defense                  Defense                  
   Charlie Coyle            Robbie Earl              Jeremy Morin             John Klingberg           Mathieu Carle            

Goaltenders
Starting : Thomas McCollum          
Backup : Olivier Roy              

Extra Forwards
Normal : Mark Scheifele, Ben Smith, Martins Karsums - PP : Mark Scheifele, Evgeny Grachev - PK : Charlie Coyle
Extra Defensemen
Normal : Carl Gunnarsson, John Klingberg, Matt Corrente - PP : Carl Gunnarsson - PK : Carl Gunnarsson, Tim Erixon
Penalty Shots
Jamie Benn, Robbie Earl, Mark Scheifele, John Klingberg, Ryan Carter

% Time on Ice - Knights

Lines # - Real PCT - Wanted PCT - Time Play
Normal Forward
1 - 37% - 37% - 16:02
2 - 29% - 30% - 12:34
3 - 18% - 17% - 7:40
4 - 16% - 16% - 7:09
Normal Defense
1 - 37% - 35% - 16:12
2 - 30% - 30% - 13:09
3 - 24% - 20% - 10:16
4 - 9% - 15% - 3:48
PP Forward
1 - 68% - 60% - 4:01
2 - 32% - 40% - 1:52
PP Defense
1 - 77% - 60% - 4:31
2 - 23% - 40% - 1:22
PK Forward
1 - 71% - 60% - 6:40
2 - 29% - 40% - 2:45
PK Defense
1 - 69% - 60% - 6:31
2 - 31% - 40% - 2:54
PK3 Forward
1 - 83% - 60% - 1:04
2 - 17% - 40% - 0:13
PK3 Defense
1 - 44% - 60% - 0:34
2 - 56% - 40% - 0:43
44 Forward
1 - 0% - 60%
2 - 0% - 40%
44 Defense
1 - 0% - 60%
2 - 0% - 40%
Last Minute Offensive  - 0:00
Last Minute Defensive  - 0:00
Total
Forward - 60:00
Defense - 60:00

% Time on Ice - Influenza

Lines # - Real PCT - Wanted PCT - Time Play
Normal Forward
1 - 38% - 40% - 16:18
2 - 27% - 30% - 11:49
3 - 20% - 20% - 8:39
4 - 15% - 10% - 6:39
Normal Defense
1 - 42% - 40% - 18:11
2 - 35% - 30% - 15:13
3 - 20% - 20% - 8:48
4 - 3% - 10% - 1:13
PP Forward
1 - 56% - 60% - 5:58
2 - 44% - 40% - 4:44
PP Defense
1 - 63% - 60% - 6:45
2 - 37% - 40% - 3:57
PK Forward
1 - 82% - 60% - 4:50
2 - 18% - 40% - 1:03
PK Defense
1 - 65% - 60% - 3:50
2 - 35% - 40% - 2:03
PK3 Forward
1 - 0% - 60%
2 - 0% - 40%
PK3 Defense
1 - 0% - 60%
2 - 0% - 40%
44 Forward
1 - 0% - 60%
2 - 0% - 40%
44 Defense
1 - 0% - 60%
2 - 0% - 40%
Last Minute Offensive  - 0:00
Last Minute Defensive  - 0:00
Total
Forward - 60:00
Defense - 60:00

Play by Play

1st period


0:01 of 1st period - Zack Hamill wins face-off versus Evgeny Grachev in neutral zone.
0:41 of 1st period - Minor Penalty to Joe Colborne for Holding.
0:42 of 1st period - Evgeny Grachev wins face-off versus Cody Bass in Knights zone.
1:07 of 1st period - John Klingberg is hit by Kevin Hayes and loses puck.
2:28 of 1st period - Slapshot by Michael Raffl.
2:28 of 1st period - Shot Misses the Net.
2:41 of 1st period - Penalty to Joe Colborne is over, Joe Colborne is back on ice.
3:14 of 1st period - Slapshot by Matt Corrente.
3:14 of 1st period - Shot Misses the Net.
3:24 of 1st period - Snap shot by Joe Colborne.
3:24 of 1st period - Shot Misses the Net.
3:34 of 1st period - Zach Trotman is hit by Tim Erixon and loses puck.
3:44 of 1st period - Icing by Jamie Benn.
3:45 of 1st period - Mark Scheifele wins face-off versus Cody Bass in Influenza zone.
3:45 of 1st period - Mark Scheifele is hit by Scott Lehman.
4:03 of 1st period - Minor Penalty to Kevin Hayes for Hooking.
4:04 of 1st period - Evgeny Grachev wins face-off versus Cody Bass in Knights zone.
4:49 of 1st period - Snap shot by Michael Raffl.
4:49 of 1st period - Goal by Michael Raffl - Knights : 1 - Influenza : 0.
4:50 of 1st period - Evgeny Grachev wins face-off versus Cody Bass in neutral zone.
5:03 of 1st period - Wrist shot by Jamie Benn.
5:03 of 1st period - Shot Blocked by Tomas Kundratek.
5:05 of 1st period - Backhand shot by John Klingberg.
5:05 of 1st period - Stopped by Jeff Glass without a rebound.
5:06 of 1st period - Cody Bass wins face-off versus Mark Scheifele in Knights zone.
5:31 of 1st period - Tomas Kundratek is hit by Jamie Benn and loses puck.
6:03 of 1st period - Penalty to Kevin Hayes is over, Kevin Hayes is back on ice.
7:07 of 1st period - Snap shot by Evgeny Grachev.
7:07 of 1st period - Shot Hit the Post.
7:09 of 1st period - Slapshot by Carl Gunnarsson.
7:09 of 1st period - Stopped by Jeff Glass without a rebound.
7:10 of 1st period - Zack Hamill wins face-off versus Mark Scheifele in Knights zone.
7:39 of 1st period - Snap shot by Evgeny Grachev.
7:39 of 1st period - Shot Misses the Net.
7:41 of 1st period - Wrist shot by Evgeny Grachev.
7:41 of 1st period - Shot Misses the Net.
7:43 of 1st period - Snap shot by Jamie Benn.
7:43 of 1st period - Stopped by Jeff Glass without a rebound.
7:44 of 1st period - Joe Colborne wins face-off versus Evgeny Grachev in Knights zone.
7:50 of 1st period - Off-side.
7:51 of 1st period - Evgeny Grachev wins face-off versus Joe Colborne in neutral zone.
8:20 of 1st period - Slapshot by Jason Zucker.
8:20 of 1st period - Shot Misses the Net.
8:48 of 1st period - Matt Corrente is hit by Zach Trotman and loses puck.
9:18 of 1st period - Icing by Zach Trotman.
9:19 of 1st period - Charlie Coyle wins face-off versus Matt Puempel in Knights zone.
9:42 of 1st period - Wrist shot by Linden Vey.
9:42 of 1st period - Deflect By Matt Puempel.
9:42 of 1st period - Shot Blocked by Evgeny Grachev.
9:42 of 1st period - Puck is out of play.
9:43 of 1st period - Evgeny Grachev wins face-off versus Michael Raffl in Influenza zone.
9:52 of 1st period - Snap shot by Ben Smith.
9:52 of 1st period - Shot Misses the Net.
9:54 of 1st period - Wrist shot by Evgeny Grachev.
9:54 of 1st period - Shot Misses the Net.
9:58 of 1st period - Wrist shot by Evgeny Grachev.
9:58 of 1st period - Stopped by Jeff Glass with a rebound.
10:08 of 1st period - Mark Scheifele is hit by Michael Stone and loses puck.
10:13 of 1st period - Wrist shot by Zack Hamill.
10:13 of 1st period - Shot Misses the Net.
10:15 of 1st period - Slapshot by Patrick Wiercioch.
10:15 of 1st period - Shot Misses the Net.
10:17 of 1st period - Slapshot by David Shields.
10:17 of 1st period - Shot Misses the Net.
10:19 of 1st period - Slapshot by Patrick Wiercioch.
10:19 of 1st period - Shot Misses the Net.
10:57 of 1st period - Backhand shot by Evgeny Grachev.
10:57 of 1st period - Shot Misses the Net.
10:59 of 1st period - Snap shot by Ben Smith.
10:59 of 1st period - Shot Misses the Net.
11:25 of 1st period - Minor Penalty to Scott Lehman for Charging.
11:26 of 1st period - Evgeny Grachev wins face-off versus Cody Bass in Knights zone.
11:27 of 1st period - Wrist shot by Jamie Benn.
11:27 of 1st period - Shot Misses the Net.
11:42 of 1st period - Snap shot by Evgeny Grachev.
11:42 of 1st period - Deflect By Jeff May.
11:42 of 1st period - Stopped by Jeff Glass with a rebound.
13:08 of 1st period - Backhand shot by Joe Colborne.
13:08 of 1st period - Stopped by Thomas McCollum without a rebound.
13:09 of 1st period - Michael Raffl wins face-off versus Jeff May in Influenza zone.
13:25 of 1st period - Penalty to Scott Lehman is over, Scott Lehman is back on ice.
13:39 of 1st period - Icing by Evgeny Grachev.
13:40 of 1st period - Evgeny Grachev wins face-off versus Zack Hamill in Influenza zone.
13:40 of 1st period - Evgeny Grachev is hit by Chris Thorburn.
13:54 of 1st period - Snap shot by Evgeny Grachev.
13:54 of 1st period - Stopped by Jeff Glass with a rebound.
13:56 of 1st period - Slapshot by Matt Corrente.
13:56 of 1st period - Deflect By Jeff May.
13:56 of 1st period - Shot Misses the Net.
13:56 of 1st period - Puck is out of play.
13:57 of 1st period - Mark Scheifele wins face-off versus Joe Colborne in Knights zone.
14:19 of 1st period - Icing by Robbie Earl.
14:20 of 1st period - Zack Hamill wins face-off versus Ryan Carter in Influenza zone.
14:33 of 1st period - Wrist shot by Ryan Carter.
14:33 of 1st period - Shot Misses the Net.
15:07 of 1st period - Jimmy Hayes is hit by Ryan Russell and loses puck.
15:32 of 1st period - Jimmy Hayes is hit by Ben Smith and loses puck.
15:59 of 1st period - Snap shot by Zack Hamill.
15:59 of 1st period - Deflect By Chris Thorburn.
15:59 of 1st period - Stopped by Thomas McCollum without a rebound.
16:00 of 1st period - Evgeny Grachev wins face-off versus Cody Bass in Influenza zone.
16:15 of 1st period - Kevin Hayes is hit by Tim Erixon and loses puck.
16:26 of 1st period - Jeff May is hit by Scott Lehman and loses puck.
16:31 of 1st period - Wrist shot by Zack Hamill.
16:31 of 1st period - Shot Misses the Net.
16:33 of 1st period - Snap shot by Chris Thorburn.
16:33 of 1st period - Stopped by Thomas McCollum without a rebound.
16:34 of 1st period - Zack Hamill wins face-off versus Evgeny Grachev in Influenza zone.
16:37 of 1st period - Snap shot by Zack Hamill.
16:37 of 1st period - Shot Misses the Net.
16:49 of 1st period - Snap shot by Chris Thorburn.
16:49 of 1st period - Deflect By Zack Hamill.
16:49 of 1st period - Shot Misses the Net.
16:49 of 1st period - Puck is out of play.
16:50 of 1st period - Mark Scheifele wins face-off versus Joe Colborne in Influenza zone.
17:09 of 1st period - Mark Scheifele is hit by Scott Lehman and loses puck.
17:23 of 1st period - Off-side.
17:24 of 1st period - Zack Hamill wins face-off versus Evgeny Grachev in neutral zone.
17:27 of 1st period - Wrist shot by Zack Hamill.
17:27 of 1st period - Goal by Zack Hamill - Knights : 2 - Influenza : 0.
17:28 of 1st period - Chris Thorburn wins face-off versus Evgeny Grachev in neutral zone.
17:44 of 1st period - Minor Penalty to Ben Smith for Roughing.
17:45 of 1st period - Zack Hamill wins face-off versus Ryan Carter in Influenza zone.
17:46 of 1st period - Snap shot by Chris Thorburn.
17:46 of 1st period - Stopped by Thomas McCollum with a rebound.
17:48 of 1st period - Snap shot by Tomas Kundratek.
17:48 of 1st period - Shot Blocked by Mathieu Carle.
17:50 of 1st period - Wrist shot by Zack Hamill.
17:50 of 1st period - Goal by Zack Hamill - Knights : 3 - Influenza : 0.
17:51 of 1st period - Evgeny Grachev wins face-off versus Jason Zucker in neutral zone.
17:54 of 1st period - Snap shot by Mathieu Carle.
17:54 of 1st period - Stopped by Jeff Glass with a rebound.
18:02 of 1st period - Snap shot by Jamie Benn.
18:02 of 1st period - Deflect By Ben Smith.
18:02 of 1st period - Stopped by Jeff Glass with a rebound.
18:04 of 1st period - Wrist shot by Mathieu Carle.
18:04 of 1st period - Shot Blocked by Michael Stone.
18:06 of 1st period - Slapshot by Evgeny Grachev.
18:06 of 1st period - Shot Blocked by Jason Zucker.
18:16 of 1st period - John Klingberg is hit by Michael Raffl and loses puck.
18:33 of 1st period - Minor Penalty to Martins Karsums for Interference.
18:34 of 1st period - Ryan Carter wins face-off versus Zack Hamill in Influenza zone.
18:43 of 1st period - Snap shot by Zach Trotman.
18:43 of 1st period - Shot Blocked by Carl Gunnarsson.
18:45 of 1st period - Slapshot by Zach Trotman.
18:45 of 1st period - Shot Misses the Net.
18:47 of 1st period - Slapshot by Zack Hamill.
18:47 of 1st period - Goal by Zack Hamill - Knights : 4 - Influenza : 0.
18:47 of 1st period - Olivier Roy enters game.
18:48 of 1st period - Evgeny Grachev wins face-off versus Zack Hamill in neutral zone.
18:52 of 1st period - Icing by Tomas Kundratek.
18:53 of 1st period - Evgeny Grachev wins face-off versus Jason Zucker in Knights zone.
Goals for this period are 4 for Knights vs 0 for Influenza.
Shots for this period are 8 for Knights vs 8 for Influenza.

2nd period


0:01 of 2nd period - Evgeny Grachev wins face-off versus Zack Hamill in neutral zone.
0:16 of 2nd period - Wrist shot by Jamie Benn.
0:16 of 2nd period - Stopped by Jeff Glass with a rebound.
0:30 of 2nd period - Snap shot by T.J Galiardi.
0:30 of 2nd period - Goal by T.J Galiardi - Knights : 4 - Influenza : 1.
0:31 of 2nd period - Zack Hamill wins face-off versus Evgeny Grachev in neutral zone.
0:40 of 2nd period - Wrist shot by Chris Thorburn.
0:40 of 2nd period - Stopped by Olivier Roy with a rebound.
0:42 of 2nd period - Slapshot by Scott Lehman.
0:42 of 2nd period - Stopped by Olivier Roy with a rebound.
0:44 of 2nd period - Snap shot by Zack Hamill.
0:44 of 2nd period - Goal by Zack Hamill - Knights : 5 - Influenza : 1.
0:45 of 2nd period - Jimmy Hayes wins face-off versus Evgeny Grachev in neutral zone.
0:49 of 2nd period - Minor Penalty to Mathieu Carle for Tripping.
0:50 of 2nd period - Ryan Carter wins face-off versus Michael Raffl in Influenza zone.
1:40 of 2nd period - John Klingberg is hit by Tomas Kundratek and loses puck.
1:55 of 2nd period - Slapshot by John Klingberg.
1:55 of 2nd period - Shot Misses the Net.
2:13 of 2nd period - Jason Zucker is hit by Mark Scheifele and loses puck.
2:49 of 2nd period - Penalty to Mathieu Carle is over, Mathieu Carle is back on ice.
2:56 of 2nd period - Snap shot by Kevin Hayes.
2:56 of 2nd period - Shot Misses the Net.
2:58 of 2nd period - Slapshot by Tomas Kundratek.
2:58 of 2nd period - Shot Misses the Net.
3:00 of 2nd period - Wrist shot by Tomas Kundratek.
3:00 of 2nd period - Shot Misses the Net.
4:34 of 2nd period - Snap shot by T.J Galiardi.
4:34 of 2nd period - Stopped by Jeff Glass with a rebound.
5:37 of 2nd period - Icing by Tim Erixon.
5:38 of 2nd period - Jamie Benn wins face-off versus Cody Bass in Influenza zone.
6:03 of 2nd period - Snap shot by Jason Zucker.
6:03 of 2nd period - Goal by Jason Zucker - Knights : 6 - Influenza : 1.
6:04 of 2nd period - Evgeny Grachev wins face-off versus Zack Hamill in neutral zone.
6:58 of 2nd period - Snap shot by Charlie Coyle.
6:58 of 2nd period - Shot Misses the Net.
7:00 of 2nd period - Snap shot by Charlie Coyle.
7:00 of 2nd period - Shot Blocked by Tomas Kundratek.
7:12 of 2nd period - Snap shot by Ryan Carter.
7:12 of 2nd period - Goal by Ryan Carter - Knights : 6 - Influenza : 2.
7:13 of 2nd period - Chris Thorburn wins face-off versus Evgeny Grachev in neutral zone.
8:02 of 2nd period - Jeremy Morin is hit by Cody Bass and loses puck.
8:37 of 2nd period - Minor Penalty to Jimmy Hayes for Tripping.
8:38 of 2nd period - Evgeny Grachev wins face-off versus Cody Bass in Knights zone.
9:11 of 2nd period - Wrist shot by Robbie Earl.
9:11 of 2nd period - Shot Misses the Net.
9:13 of 2nd period - Backhand shot by Carl Gunnarsson.
9:13 of 2nd period - Shot Blocked by Cody Bass.
9:19 of 2nd period - Minor Penalty to Cody Bass for Hooking.
9:20 of 2nd period - Jamie Benn wins face-off versus Chris Thorburn in Knights zone.
10:26 of 2nd period - Carl Gunnarsson is hit by Scott Lehman and loses puck.
10:37 of 2nd period - Penalty to Jimmy Hayes is over, Jimmy Hayes is back on ice.
10:51 of 2nd period - Icing by Mark Scheifele.
10:52 of 2nd period - Mark Scheifele wins face-off versus Michael Raffl in Influenza zone.
11:19 of 2nd period - Penalty to Cody Bass is over, Cody Bass is back on ice.
11:31 of 2nd period - Off-side.
11:32 of 2nd period - Ryan Carter wins face-off versus Chris Thorburn in neutral zone.
11:37 of 2nd period - Slapshot by Matt Corrente.
11:37 of 2nd period - Shot Blocked by Chris Thorburn.
11:45 of 2nd period - Snap shot by Jason Zucker.
11:45 of 2nd period - Shot Blocked by Carl Gunnarsson.
11:47 of 2nd period - Wrist shot by Chris Thorburn.
11:47 of 2nd period - Goal by Chris Thorburn - Knights : 7 - Influenza : 2.
11:48 of 2nd period - Evgeny Grachev wins face-off versus Zack Hamill in neutral zone.
11:51 of 2nd period - Snap shot by Ben Smith.
11:51 of 2nd period - Stopped by Jeff Glass with a rebound.
11:59 of 2nd period - Wrist shot by Zack Hamill.
11:59 of 2nd period - Stopped by Olivier Roy with a rebound.
12:01 of 2nd period - Snap shot by Chris Thorburn.
12:01 of 2nd period - Stopped by Olivier Roy without a rebound.
12:02 of 2nd period - Evgeny Grachev wins face-off versus Joe Colborne in Influenza zone.
12:02 of 2nd period - Evgeny Grachev is hit by Michael Raffl.
12:09 of 2nd period - Off-side.
12:10 of 2nd period - Evgeny Grachev wins face-off versus Joe Colborne in neutral zone.
12:12 of 2nd period - John Klingberg is hit by Scott Lehman and loses puck.
12:21 of 2nd period - Snap shot by Ben Smith.
12:21 of 2nd period - Stopped by Jeff Glass without a rebound.
12:22 of 2nd period - Evgeny Grachev wins face-off versus Zack Hamill in Knights zone.
12:47 of 2nd period - Michael Raffl is hit by Robbie Earl and loses puck.
12:57 of 2nd period - Off-side.
12:58 of 2nd period - Zack Hamill wins face-off versus Evgeny Grachev in neutral zone.
13:03 of 2nd period - Wrist shot by Zack Hamill.
13:03 of 2nd period - Goal by Zack Hamill - Knights : 8 - Influenza : 2.
13:03 of 2nd period - Thomas McCollum enters game.
13:04 of 2nd period - Evgeny Grachev wins face-off versus Zack Hamill in neutral zone.
13:09 of 2nd period - Wrist shot by Mathieu Carle.
13:09 of 2nd period - Deflect By Tomas Kundratek.
13:09 of 2nd period - Goal by Mathieu Carle - Knights : 8 - Influenza : 3.
13:10 of 2nd period - Zack Hamill wins face-off versus Evgeny Grachev in neutral zone.
13:17 of 2nd period - Snap shot by Ben Smith.
13:17 of 2nd period - Stopped by Jeff Glass without a rebound.
13:18 of 2nd period - Evgeny Grachev wins face-off versus Zack Hamill in Knights zone.
13:25 of 2nd period - Slapshot by John Klingberg.
13:25 of 2nd period - Deflect By Evgeny Grachev.
13:25 of 2nd period - Stopped by Jeff Glass without a rebound.
13:26 of 2nd period - Zack Hamill wins face-off versus Evgeny Grachev in Knights zone.
13:39 of 2nd period - Slapshot by Tomas Kundratek.
13:39 of 2nd period - Shot Blocked by Jamie Benn.
13:41 of 2nd period - Snap shot by Chris Thorburn.
13:41 of 2nd period - Shot Misses the Net.
13:58 of 2nd period - Tomas Kundratek is hit by John Klingberg and loses puck.
14:21 of 2nd period - Snap shot by Ryan Carter.
14:21 of 2nd period - Shot Misses the Net.
14:59 of 2nd period - Snap shot by Chris Thorburn.
14:59 of 2nd period - Stopped by Thomas McCollum without a rebound.
15:00 of 2nd period - Mark Scheifele wins face-off versus Joe Colborne in Influenza zone.
15:00 of 2nd period - Mark Scheifele is hit by Scott Lehman.
15:14 of 2nd period - Wrist shot by Jimmy Hayes.
15:14 of 2nd period - Stopped by Thomas McCollum with a rebound.
15:16 of 2nd period - Slapshot by Joe Colborne.
15:16 of 2nd period - Shot Blocked by John Klingberg.
15:26 of 2nd period - Martins Karsums is hit by Michael Stone and loses puck.
15:39 of 2nd period - Slapshot by John Klingberg.
15:39 of 2nd period - Shot Blocked by David Shields.
15:47 of 2nd period - Wrist shot by Robbie Earl.
15:47 of 2nd period - Shot Blocked by Jason Zucker.
16:01 of 2nd period - Wrist shot by Mark Scheifele.
16:01 of 2nd period - Stopped by Jeff Glass with a rebound.
16:11 of 2nd period - Snap shot by Martins Karsums.
16:11 of 2nd period - Stopped by Jeff Glass with a rebound.
16:13 of 2nd period - Snap shot by Mark Scheifele.
16:13 of 2nd period - Shot Blocked by Zack Hamill.
16:35 of 2nd period - Slapshot by Mathieu Carle.
16:35 of 2nd period - Stopped by Jeff Glass with a rebound.
16:37 of 2nd period - Snap shot by Mark Scheifele.
16:37 of 2nd period - Shot Hit the Post.
16:39 of 2nd period - Slapshot by Mathieu Carle.
16:39 of 2nd period - Shot Misses the Net.
16:41 of 2nd period - Wrist shot by Mark Scheifele.
16:41 of 2nd period - Stopped by Jeff Glass without a rebound.
16:42 of 2nd period - Joe Colborne wins face-off versus Evgeny Grachev in Knights zone.
16:42 of 2nd period - Joe Colborne is hit by Evgeny Grachev.
16:52 of 2nd period - Snap shot by Joe Colborne.
16:52 of 2nd period - Stopped by Thomas McCollum with a rebound.
17:10 of 2nd period - T.J Galiardi is hit by Michael Stone and loses puck.
17:33 of 2nd period - Slapshot by Scott Lehman.
17:33 of 2nd period - Shot Blocked by Charlie Coyle.
18:07 of 2nd period - Minor Penalty to T.J Galiardi for Interference.
18:08 of 2nd period - Zack Hamill wins face-off versus Ryan Carter in Influenza zone.
18:10 of 2nd period - Wrist shot by Zack Hamill.
18:10 of 2nd period - Shot Blocked by Matt Corrente.
18:12 of 2nd period - Wrist shot by Chris Thorburn.
18:12 of 2nd period - Shot Blocked by Matt Corrente.
18:14 of 2nd period - Slapshot by Tomas Kundratek.
18:14 of 2nd period - Shot Misses the Net.
18:16 of 2nd period - Slapshot by Zach Trotman.
18:16 of 2nd period - Deflect By Chris Thorburn.
18:16 of 2nd period - Stopped by Thomas McCollum with a rebound.
18:18 of 2nd period - Wrist shot by Chris Thorburn.
18:18 of 2nd period - Shot Misses the Net.
18:20 of 2nd period - Snap shot by Michael Raffl.
18:20 of 2nd period - Stopped by Thomas McCollum without a rebound.
18:21 of 2nd period - Zack Hamill wins face-off versus Ryan Carter in Influenza zone.
18:24 of 2nd period - Wrist shot by Zack Hamill.
18:24 of 2nd period - Shot Misses the Net.
18:26 of 2nd period - Slapshot by Chris Thorburn.
18:26 of 2nd period - Goal by Chris Thorburn - Knights : 9 - Influenza : 3.
18:27 of 2nd period - Zack Hamill wins face-off versus Evgeny Grachev in neutral zone.
18:36 of 2nd period - Snap shot by Zack Hamill.
18:36 of 2nd period - Stopped by Thomas McCollum without a rebound.
18:37 of 2nd period - Evgeny Grachev wins face-off versus Chris Thorburn in Influenza zone.
18:48 of 2nd period - Wrist shot by Zack Hamill.
18:48 of 2nd period - Shot Misses the Net.
18:52 of 2nd period - Snap shot by Chris Thorburn.
18:52 of 2nd period - Shot Misses the Net.
18:54 of 2nd period - Slapshot by Michael Stone.
18:54 of 2nd period - Stopped by Thomas McCollum without a rebound.
18:55 of 2nd period - Joe Colborne wins face-off versus Mark Scheifele in Influenza zone.
18:56 of 2nd period - Wrist shot by Jimmy Hayes.
18:56 of 2nd period - Shot Blocked by Robbie Earl.
18:58 of 2nd period - Slapshot by Tomas Kundratek.
18:58 of 2nd period - Deflect By Jimmy Hayes.
18:58 of 2nd period - Shot Misses the Net.
18:58 of 2nd period - Puck is out of play.
18:59 of 2nd period - Mark Scheifele wins face-off versus Joe Colborne in Influenza zone.
19:14 of 2nd period - Snap shot by Michael Raffl.
19:14 of 2nd period - Stopped by Thomas McCollum without a rebound.
19:15 of 2nd period - Evgeny Grachev wins face-off versus Chris Thorburn in Influenza zone.
19:44 of 2nd period - Off-side.
19:45 of 2nd period - Mark Scheifele wins face-off versus Joe Colborne in neutral zone.
19:49 of 2nd period - Minor Penalty to Joe Colborne for Hooking.
19:50 of 2nd period - Evgeny Grachev wins face-off versus Cody Bass in Knights zone.
19:54 of 2nd period - Wrist shot by Evgeny Grachev.
19:54 of 2nd period - Goal by Evgeny Grachev - Knights : 9 - Influenza : 4.
19:55 of 2nd period - Zack Hamill wins face-off versus Evgeny Grachev in neutral zone.
Goals for this period are 5 for Knights vs 4 for Influenza.
Shots for this period are 17 for Knights vs 14 for Influenza.

3rd period


0:01 of 3rd period - Evgeny Grachev wins face-off versus Zack Hamill in neutral zone.
0:04 of 3rd period - Slapshot by Carl Gunnarsson.
0:04 of 3rd period - Deflect By Ben Smith.
0:04 of 3rd period - Stopped by Jeff Glass with a rebound.
0:54 of 3rd period - Snap shot by Mathieu Carle.
0:54 of 3rd period - Stopped by Jeff Glass with a rebound.
0:56 of 3rd period - Slapshot by T.J Galiardi.
0:56 of 3rd period - Shot Blocked by Tomas Kundratek.
1:19 of 3rd period - Off-side.
1:20 of 3rd period - Evgeny Grachev wins face-off versus Zack Hamill in neutral zone.
1:30 of 3rd period - Snap shot by Ben Smith.
1:30 of 3rd period - Stopped by Jeff Glass with a rebound.
1:32 of 3rd period - Wrist shot by Evgeny Grachev.
1:32 of 3rd period - Shot Blocked by Chris Thorburn.
1:34 of 3rd period - Slapshot by Jeff May.
1:34 of 3rd period - Shot Misses the Net.
1:36 of 3rd period - Slapshot by Tim Erixon.
1:36 of 3rd period - Shot Blocked by Jason Zucker.
1:46 of 3rd period - Wrist shot by Martins Karsums.
1:46 of 3rd period - Stopped by Jeff Glass without a rebound.
1:47 of 3rd period - Joe Colborne wins face-off versus Robbie Earl in Knights zone.
2:22 of 3rd period - Snap shot by Jamie Benn.
2:22 of 3rd period - Stopped by Jeff Glass without a rebound.
2:23 of 3rd period - Evgeny Grachev wins face-off versus Cody Bass in Knights zone.
3:03 of 3rd period - Snap shot by Zack Hamill.
3:03 of 3rd period - Shot Misses the Net.
3:23 of 3rd period - Wrist shot by Ryan Russell.
3:23 of 3rd period - Goal by Ryan Russell - Knights : 9 - Influenza : 5.
3:24 of 3rd period - Ben Smith wins face-off versus Joe Colborne in neutral zone.
3:50 of 3rd period - T.J Galiardi is hit by Zack Hamill and loses puck.
4:50 of 3rd period - Michael Raffl is hit by Evgeny Grachev and loses puck.
4:55 of 3rd period - Snap shot by Jamie Benn.
4:55 of 3rd period - Shot Blocked by Jimmy Hayes.
5:10 of 3rd period - Icing by Evgeny Grachev.
5:11 of 3rd period - Zack Hamill wins face-off versus Ryan Carter in Influenza zone.
5:44 of 3rd period - Snap shot by Evgeny Grachev.
5:44 of 3rd period - Stopped by Jeff Glass with a rebound.
5:46 of 3rd period - Slapshot by Ben Smith.
5:46 of 3rd period - Shot Misses the Net.
5:48 of 3rd period - Slapshot by Ben Smith.
5:48 of 3rd period - Deflect By Jamie Benn.
5:48 of 3rd period - Stopped by Jeff Glass without a rebound.
5:49 of 3rd period - Martins Karsums wins face-off versus Zack Hamill in Knights zone.
5:53 of 3rd period - Minor Penalty to Zack Hamill for Slashing.
5:54 of 3rd period - Cody Bass wins face-off versus Evgeny Grachev in Knights zone.
6:34 of 3rd period - Slapshot by Michael Stone.
6:34 of 3rd period - Shot Misses the Net.
7:46 of 3rd period - Jamie Benn is hit by Kevin Hayes and loses puck.
7:53 of 3rd period - Penalty to Zack Hamill is over, Zack Hamill is back on ice.
8:02 of 3rd period - Icing by Matt Puempel.
8:03 of 3rd period - Ryan Carter wins face-off versus Michael Raffl in Knights zone.
8:22 of 3rd period - Snap shot by Ryan Carter.
8:22 of 3rd period - Shot Blocked by Matt Puempel.
8:48 of 3rd period - Snap shot by Zack Hamill.
8:48 of 3rd period - Stopped by Thomas McCollum with a rebound.
8:50 of 3rd period - Snap shot by Zack Hamill.
8:50 of 3rd period - Stopped by Thomas McCollum with a rebound.
8:52 of 3rd period - Snap shot by Matt Puempel.
8:52 of 3rd period - Shot Misses the Net.
8:54 of 3rd period - Wrist shot by Zack Hamill.
8:54 of 3rd period - Stopped by Thomas McCollum without a rebound.
8:55 of 3rd period - Jamie Benn wins face-off versus Cody Bass in Influenza zone.
9:23 of 3rd period - Jeff May is hit by David Shields and loses puck.
9:34 of 3rd period - Joe Colborne is hit by Charlie Coyle and loses puck.
9:55 of 3rd period - Minor Penalty to Jeff May for Hooking.
9:56 of 3rd period - Ryan Carter wins face-off versus Jason Zucker in Influenza zone.
10:07 of 3rd period - Backhand shot by Ben Smith.
10:07 of 3rd period - Shot Blocked by Tomas Kundratek.
10:09 of 3rd period - Slapshot by Mathieu Carle.
10:09 of 3rd period - Shot Blocked by Tomas Kundratek.
10:11 of 3rd period - Slapshot by Ryan Carter.
10:11 of 3rd period - Stopped by Jeff Glass with a rebound.
10:23 of 3rd period - Ben Smith is hit by Chris Thorburn.
10:33 of 3rd period - Snap shot by Zack Hamill.
10:33 of 3rd period - Deflect By Michael Raffl.
10:33 of 3rd period - Shot Misses the Net.
10:33 of 3rd period - Puck is out of play.
10:34 of 3rd period - Charlie Coyle wins face-off versus Zack Hamill in Influenza zone.
10:48 of 3rd period - Slapshot by Michael Stone.
10:48 of 3rd period - Stopped by Thomas McCollum with a rebound.
11:13 of 3rd period - Backhand shot by Jason Zucker.
11:13 of 3rd period - Shot Misses the Net.
11:55 of 3rd period - Penalty to Jeff May is over, Jeff May is back on ice.
12:19 of 3rd period - Snap shot by Mark Scheifele.
12:19 of 3rd period - Shot Misses the Net.
12:25 of 3rd period - Kevin Hayes is hit by Jamie Benn and loses puck.
12:32 of 3rd period - Slapshot by Tomas Kundratek.
12:32 of 3rd period - Deflect By Cody Bass.
12:32 of 3rd period - Shot Misses the Net.
12:32 of 3rd period - Puck is out of play.
12:33 of 3rd period - Ryan Nugent-Hopkins wins face-off versus Jeremy Morin in Influenza zone.
12:46 of 3rd period - Wrist shot by Linden Vey.
12:46 of 3rd period - Shot Misses the Net.
12:53 of 3rd period - Icing by Ryan Carter.
12:54 of 3rd period - Joe Colborne wins face-off versus Ryan Carter in Influenza zone.
13:00 of 3rd period - Matt Corrente and Scott Lehman fight to a draw.
13:00 of 3rd period - Penalty to Matt Corrente for Fighting.
13:00 of 3rd period - Penalty to Scott Lehman for Fighting.
13:01 of 3rd period - Joe Colborne wins face-off versus Evgeny Grachev in neutral zone.
13:04 of 3rd period - Snap shot by Michael Stone.
13:04 of 3rd period - Shot Misses the Net.
13:06 of 3rd period - Slapshot by Michael Stone.
13:06 of 3rd period - Shot Misses the Net.
13:08 of 3rd period - Snap shot by Michael Raffl.
13:08 of 3rd period - Stopped by Thomas McCollum with a rebound.
13:09 of 3rd period - Evgeny Grachev and Jimmy Hayes fight to a draw.
13:09 of 3rd period - Penalty to Evgeny Grachev for Fighting.
13:09 of 3rd period - Penalty to Jimmy Hayes for Fighting.
13:10 of 3rd period - Jamie Benn wins face-off versus Joe Colborne in Influenza zone.
13:15 of 3rd period - Chris Thorburn is hit by Mark Scheifele and loses puck.
13:24 of 3rd period - Mathieu Carle is hit by Chris Thorburn and loses puck.
13:40 of 3rd period - Wrist shot by Linden Vey.
13:40 of 3rd period - Shot Misses the Net.
13:58 of 3rd period - A.J. Jenks is hit by Ryan Russell and loses puck.
14:07 of 3rd period - Slapshot by John Klingberg.
14:07 of 3rd period - Stopped by Jeff Glass with a rebound.
14:09 of 3rd period - Snap shot by Charlie Coyle.
14:09 of 3rd period - Stopped by Jeff Glass with a rebound.
14:33 of 3rd period - Slapshot by Kevin Hayes.
14:33 of 3rd period - Shot Hit the Post.
14:35 of 3rd period - Minor Penalty to Robbie Earl for Tripping.
14:36 of 3rd period - Zack Hamill wins face-off versus Ryan Carter in Influenza zone.
14:43 of 3rd period - Slapshot by Zack Hamill.
14:43 of 3rd period - Stopped by Thomas McCollum with a rebound.
14:45 of 3rd period - Slapshot by Zach Trotman.
14:45 of 3rd period - Deflect By Chris Thorburn.
14:45 of 3rd period - Stopped by Thomas McCollum with a rebound.
14:47 of 3rd period - Slapshot by Tomas Kundratek.
14:47 of 3rd period - Shot Blocked by Ben Smith.
14:49 of 3rd period - Slapshot by Tomas Kundratek.
14:49 of 3rd period - Stopped by Thomas McCollum without a rebound.
14:50 of 3rd period - Ryan Carter wins face-off versus Zack Hamill in Influenza zone.
14:59 of 3rd period - Slapshot by Tomas Kundratek.
14:59 of 3rd period - Deflect By Chris Thorburn.
14:59 of 3rd period - Shot Blocked by Ryan Carter.
14:59 of 3rd period - Puck is out of play.
15:00 of 3rd period - Ryan Carter wins face-off versus Chris Thorburn in Influenza zone.
15:51 of 3rd period - Snap shot by Chris Thorburn.
15:51 of 3rd period - Goal by Chris Thorburn - Knights : 10 - Influenza : 5.
15:52 of 3rd period - Ryan Nugent-Hopkins wins face-off versus Mark Scheifele in neutral zone.
16:00 of 3rd period - Snap shot by Ryan Nugent-Hopkins.
16:00 of 3rd period - Shot Misses the Net.
16:02 of 3rd period - Snap shot by Matt Puempel.
16:02 of 3rd period - Stopped by Thomas McCollum without a rebound.
16:03 of 3rd period - Mark Scheifele wins face-off versus Linden Vey in Influenza zone.
16:59 of 3rd period - Ryan Russell is hit by Tomas Kundratek and loses puck.
17:20 of 3rd period - Icing by Carl Gunnarsson.
17:21 of 3rd period - Charlie Coyle wins face-off versus Zack Hamill in Influenza zone.
17:36 of 3rd period - Snap shot by Corey Tropp.
17:36 of 3rd period - Shot Misses the Net.
18:04 of 3rd period - A.J. Jenks is hit by Ryan Carter and loses puck.
18:20 of 3rd period - Jeff May is hit by Scott Lehman and loses puck.
18:27 of 3rd period - Martins Karsums is hit by Scott Lehman and loses puck.
18:37 of 3rd period - Off-side.
18:38 of 3rd period - Zack Hamill wins face-off versus Evgeny Grachev in neutral zone.
18:45 of 3rd period - Slapshot by Zack Hamill.
18:45 of 3rd period - Stopped by Thomas McCollum without a rebound.
18:46 of 3rd period - Joe Colborne wins face-off versus Evgeny Grachev in Influenza zone.
19:11 of 3rd period - Slapshot by Matt Corrente.
19:11 of 3rd period - Shot Blocked by Jason Zucker.
19:13 of 3rd period - Wrist shot by Martins Karsums.
19:13 of 3rd period - Shot Misses the Net.
19:15 of 3rd period - Wrist shot by Martins Karsums.
19:15 of 3rd period - Stopped by Jeff Glass without a rebound.
19:16 of 3rd period - Mark Scheifele wins face-off versus Zack Hamill in Knights zone.
19:50 of 3rd period - Slapshot by Jimmy Hayes.
19:50 of 3rd period - Stopped by Thomas McCollum with a rebound.
Goals for this period are 1 for Knights vs 1 for Influenza.
Shots for this period are 12 for Knights vs 12 for Influenza.